 Dungeon Sprint DCSS version 0.31.0-12-g77e489cdc1 (webtiles) character file.

Game seed: 9353007042353703217

8992 Groucho the Eclecticist (level 11, 0/54 HPs)
             Began as a Deep Elf Earth Elementalist on Feb 25, 2024.
             Was the Champion of Sif Muna.
             Slain by an alligator snapping turtle (38 damage)
             ... in the Dungeon (Sprint VII: "The Pits").
             The game lasted 00:12:08 (5816 turns).

Groucho the Eclecticist (DEEE)                      Turns: 5816, Time: 00:12:08

Health: 0/54       AC:  2    Str:  5    XL:     11   Next: 17%
Magic:  20/33      EV: 13    Int: 28    God:    Sif Muna [******]
Gold:   0          SH:  0    Dex: 18    Spells: 28/42 levels left

rFire   . . .        h - +2 dagger
rCold   . . .        (no shield)
rNeg    . . .        a - +0 robe
rPois   .            (no helmet)
rElec   .            (no cloak)
rCorr   .            (no gloves)
SInv    .            (no boots)
Will    +....        (no amulet)
Stlth   ++++         g - +3 ring of dexterity
HPRegen 0.29/turn    n - +3 ring of intelligence
MPRegen 0.23/turn

%: no teleportation
@: channelling
A: no striking features
a: Renounce Religion, Channel Magic, Forget Spell, Divine Exegesis


You were in the Dungeon.
You worshipped Sif Muna.
Sif Muna was exalted by your worship.
You visited 1 branch

Inventory:

Hand Weapons
 h - a +2 dagger (weapon)
 r - a +2 rapier of venom
Armour
 a - a +0 robe (worn)
 o - a +5 ring mail
 p - a +0 pair of boots
Jewellery
 g - a +3 ring of dexterity (left hand)
 n - a +3 ring of intelligence (right hand)
 s - a +6 ring of strength
Scrolls
 j - 2 scrolls of vulnerability
 k - 5 scrolls of amnesia
Potions
 b - 4 potions of magic
 c - 5 potions of curing
 d - 9 potions of heal wounds
 e - a potion of haste
 f - 4 potions of berserk rage
 i - 2 potions of invisibility
 m - a potion of brilliance
 q - 3 potions of might


   Skills:
 - Level 5.0 Short Blades
 - Level 2.4 Dodging
 - Level 7.0 Stealth
 + Level 16.3 Spellcasting
 + Level 13.8 Conjurations
 + Level 15.3 Earth Magic
 + Level 12.1 Alchemy
 - Level 11.0 Invocations


You had 28 spell levels left.
You knew the following spells:

 Your Spells              Type           Power      Damage    Failure   Level
a - Sandblast             Erth           100%       2d20      0%          1
b - Stone Arrow           Conj/Erth      100%       3d13      0%          3
c - Petrify               Alch/Erth      79%        N/A       1%          4
d - Bombard               Conj/Erth      40%        9d7       1%          6

Your spell library contained the following spells:

 Spells                   Type           Power      Damage    Failure   Level
 Magic Dart               Conj           100%       1d8       0%          1
 Passwall                 Erth           83%        N/A       0%          3
 Kiss of Death            Conj/Necr      100%       2d13      1%          1
 Cigotuvi's Dreadful Rot  Necr/Alch/Air  90%        N/A       1%          2
 Brom's Barrelling Bould  Conj/Erth      81%        2d9       1%          4
 Iskenderun's Mystic Bla  Conj/Tloc      57%        2d12      1%          4
 Iskenderun's Battlesphe  Conj           79%        2d13      1%          5
 Arcjolt                  Conj/Air       28%        1d38      3%          5
 Fugue of the Fallen      Necr           22%        N/A       6%          3
 Tukima's Dance           Hex            22%        N/A       6%          3
 Freezing Cloud           Conj/Ice/Air   24%        6-21      9%          5
 Cause Fear               Hex            11%        N/A       22%         4
 Dimensional Bullseye     Hex/Tloc       11%        N/A       22%         4
 Martyr's Knell           Necr/Summ      22%        N/A       22%         4
 Summon Blazeheart Golem  Fire/Summ      22%        N/A       22%         4
 Summon Lightning Spire   Summ/Air       22%        N/A       22%         4
 Summon Forest            Summ/Tloc      11%        N/A       52%         5
 Summon Mana Viper        Hex/Summ       22%        N/A       52%         5
 Monstrous Menagerie      Summ           11%        N/A       100%        7
 Summon Hydra             Summ           11%        N/A       100%        7
 Discord                  Hex            11%        N/A       100%        8
 Fire Storm               Conj/Fire      28%        8d7       100%        9


Dungeon Overview and Level Annotations

Branches:
Dungeon (1/1)

Altars:
Ashenzari
Cheibriados
Dithmenos
Elyvilon
Fedhas
Gozag
Hepliaklqana
Kikubaaqudgha
Makhleb
Nemelex Xobeh
Okawaru
Qazlal
Ru
Sif Muna
Trog
Uskayaw
Vehumet
Wu Jian
Xom
Yredelemnul
Zin
The Shining One
Jiyva
Lugonu


Message History

The iron shot hits the wraith!!
The wraith is severely damaged.
The blast sends you backwards.
Unknown command.
Unknown command.
Unknown command.
The orc closely misses you.
You see here a +1 scimitar of flaming.
Aiming: Bombard (dangerous; 1% risk of failure)
Press: ? - help, Q - select action, (/) - cycle Shift-Dir - straight line, f/p - alligator snapping turtle
Aim: an alligator snapping turtle (moderately wounded, 100% to hit)
The iron shot hits the wraith!!
You destroy the wraith!
Sif Muna accepts your kill. The orc barely misses you.
Unknown command.
Unknown command.
Unknown command.
Aiming: Bombard (dangerous; 1% risk of failure)
Press: ? - help, Q - select action, (/) - cycle Shift-Dir - straight line, f/p - alligator snapping turtle
Aim: an alligator snapping turtle (moderately wounded, 100% to hit)
The iron shot hits the orc!!
You kill the orc!
Sif Muna accepts your kill. The blast sends you backwards.
Unknown command.
Unknown command.
You don't have enough magic to cast this spell.
Aiming: Bombard (dangerous; 1% risk of failure)
Press: ? - help, Q - select action, (/) - cycle Shift-Dir - straight line, f/p - alligator snapping turtle
Aim: an alligator snapping turtle (moderately wounded, 100% to hit)
The iron shot hits the alligator snapping turtle!!
The alligator snapping turtle is heavily wounded.
Unknown command.
Unknown command.
Unknown command.
The alligator snapping turtle attacks as it pursues you!
The alligator snapping turtle bites you from afar!!!
Ouch! That really hurt!
You die...

#......#..#......#
#................+
'................+
#......#..#......#
#................#
####'#####''######
#.......##')#####################
#.......##..........#......#.....
#.......##......@.t)'......#.....
#...<...##..#####...#####'##.....
#.......##..'...#....)........)..
#.......##..#...#........##'##...
#.......##..#...#.#####..# ..# .#
##########..#####.'†..#..# ..# #
##########....†...#...+..# '##
...#..[[##........#...#... ..
...#.[..###'###...#...#......


You could see an alligator snapping turtle.

Vanquished Creatures
  An eidolon (D)
  Erica (D)
  A bog body (D)
  A swamp dragon (D)
  An orc knight (D)
  A lindwurm (D)
  A manticore (D)
  An elephant (D)
  3 cane toads (D)
  A kobold demonologist (D)
  A komodo dragon (D)
  A merfolk (D)
  A tarantella (D)
  3 glass eyes (D)
  A wraith (D)
  A basilisk (D)
  A warg (D)
  6 yaks (D)
  4 vampire mosquitoes (D)
  An acid dragon (D)
  2 orc warriors (D)
  A sky beast (D)
  A black bear (D)
  2 centaurs (D)
  2 kobold brigands (D)
  A phantom (D)
  A necrophage (D)
  An orc priest (D)
  An iron imp (D)
  2 adders (D)
  An ufetubus (D)
  An adder zombie (D)
  8 orcs (D)
  2 goblins (D)
  3 hobgoblins (D)
  3 jackals (D)
  A quokka (D)
  A ball python (D)
  A frilled lizard (D)
  A rat (D)
68 creatures vanquished.

Notes
Turn   | Place    | Note
-------+----------+-------------------------------------------
     0 | D        | Groucho the Deep Elf Earth Elementalist began the quest for
                  | the Orb.
     0 | D        | Reached XP level 1. HP: 10/10 MP: 6/6
    11 | D        | Reached skill level 4 in Spellcasting
    11 | D        | Reached XP level 2. HP: 15/15 MP: 5/9
    36 | D        | Found a glowing golden altar of the Shining One.
    36 | D        | Found a glowing silver altar of Zin.
    36 | D        | Found a basalt altar of Yredelemnul.
    36 | D        | Found a shimmering altar of Xom.
    36 | D        | Found an ornate altar of the Wu Jian Council.
    36 | D        | Found a bloodstained altar of Trog.
    36 | D        | Found a shimmering blue altar of Sif Muna.
    36 | D        | Found a sacrificial altar of Ru.
    36 | D        | Found a stormy altar of Qazlal.
    36 | D        | Found an iron altar of Okawaru.
    36 | D        | Found a sparkling altar of Nemelex Xobeh.
    36 | D        | Found a burning altar of Makhleb.
    36 | D        | Found a viscous altar of Jiyva.
    36 | D        | Found a hazy altar of Hepliaklqana.
    36 | D        | Found an opulent altar of Gozag.
    36 | D        | Found a blossoming altar of Fedhas.
    36 | D        | Found a white marble altar of Elyvilon.
    36 | D        | Found a shadowy altar of Dithmenos.
    36 | D        | Found a snail-covered altar of Cheibriados.
    37 | D        | Found a radiant altar of Vehumet.
    37 | D        | Found a corrupted altar of Lugonu.
    38 | D        | Found an ancient bone altar of Kikubaaqudgha.
    38 | D        | Found a hide-covered altar of Uskayaw.
    38 | D        | Found a broken altar of Ashenzari.
    39 | D        | Became a worshipper of Sif Muna the Loreminder
    61 | D        | Reached * piety under Sif Muna
    64 | D        | Reached skill level 5 in Earth Magic
   253 | D        | Noticed a glass eye
   254 | D        | Reached ** piety under Sif Muna
   262 | D        | Killed a glass eye
   263 | D        | Reached skill level 8 in Spellcasting
   263 | D        | Reached XP level 3. HP: 19/19 MP: 0/14
   263 | D        | Reached XP level 4. HP: 24/24 MP: 0/16
   263 | D        | Reached XP level 5. HP: 28/28 MP: 0/17
   631 | D        | Noticed a glass eye
   642 | D        | Reached *** piety under Sif Muna
   899 | D        | Killed a glass eye
   900 | D        | Reached skill level 9 in Spellcasting
   900 | D        | Reached skill level 10 in Earth Magic
   900 | D        | Reached XP level 6. HP: 32/32 MP: 14/20
  1115 | D        | Learned a level 3 spell: Stone Arrow
  1120 | D        | Learned a level 4 spell: Petrify
  1181 | D        | Reached **** piety under Sif Muna
  1185 | D        | Reached skill level 5 in Stealth
  1200 | D        | Reached XP level 7. HP: 12/36 MP: 8/22
  1441 | D        | Noticed a kobold demonologist
  1443 | D        | Noticed an orange demon
  1445 | D        | Killed a kobold demonologist
  1445 | D        | Reached ***** piety under Sif Muna
  1446 | D        | Reached skill level 10 in Spellcasting
  1680 | D        | Noticed a warg
  1685 | D        | Reached skill level 5 in Alchemy
  1685 | D        | Reached skill level 5 in Invocations
  1687 | D        | Killed a warg
  1687 | D        | Received a gift from Sif Muna
  1688 | D        | Reached skill level 5 in Short Blades
  1688 | D        | Reached XP level 8. HP: 16/41 MP: 2/24
  1693 | D        | Got Sif Muna's Anthology of Malediction {god gift}
  2166 | D        | Noticed a lindwurm
  2177 | D        | Reached skill level 11 in Spellcasting
  2185 | D        | Killed a lindwurm
  2186 | D        | Reached skill level 12 in Spellcasting
  2186 | D        | Reached skill level 10 in Conjurations
  2186 | D        | Reached XP level 9. HP: 25/45 MP: 7/27
  2307 | D        | Received a gift from Sif Muna
  2309 | D        | Got Lehudib's Anthology of Arcane Weapons {god gift}
  2660 | D        | Learned a level 6 spell: Bombard
  2790 | D        | Noticed a swamp dragon
  2791 | D        | Noticed a komodo dragon
  2796 | D        | Killed a swamp dragon
  2797 | D        | Reached skill level 13 in Spellcasting
  2802 | D        | Killed a komodo dragon
  3223 | D        | Noticed a cane toad
  3227 | D        | Killed a cane toad
  3867 | D        | Noticed a bog body
  3867 | D        | Noticed a manticore
  3870 | D        | Reached ****** piety under Sif Muna
  3871 | D        | Reached XP level 10. HP: 23/50 MP: 22/29
  3873 | D        | Killed a bog body
  3874 | D        | Reached skill level 14 in Spellcasting
  3875 | D        | Received a gift from Sif Muna
  3876 | D        | Killed a manticore
  3877 | D        | Reached skill level 10 in Alchemy
  3877 | D        | Reached skill level 10 in Invocations
  3877 | D        | Got Sif Muna's Compilation of Mustering {god gift}
  4240 | D        | Noticed Erica
  4244 | D        | Killed Erica
  4584 | D        | Noticed a cane toad
  4586 | D        | Killed a cane toad
  4587 | D        | Reached skill level 15 in Spellcasting
  4886 | D        | Noticed an orc knight
  4886 | D        | Noticed an eidolon
  4934 | D        | Killed an orc knight
  4936 | D        | Killed an eidolon
  4936 | D        | Received a gift from Sif Muna
  4937 | D        | Reached XP level 11. HP: 20/54 MP: 4/32
  5069 | D        | Reached skill level 15 in Earth Magic
  5364 | D        | Received a gift from Sif Muna
  5365 | D        | Reached skill level 16 in Spellcasting
  5366 | D        | Got Fucyek's Spellbook of Necrotic Doom {god gift}
  5802 | D        | Noticed an alligator snapping turtle
  5816 | D        | Slain by an alligator snapping turtle

Illustrated notes

Levels and vault maps discovered:
D:        pitsprint [storerooms_1, entrance_room_1, metal_vault_8, armoury_1,
          mini_pit_1, grid_room_1, main_hall_1, silver_pit, the_coven_3,
          the_vestibule_1, steel_vault_3, golden_pit, hallway_of_sentries,
          crystal_vault_1, iron_vault_2, final_vault]

Skill      XL: |  1  2  3  4  5  6  7  8  9 10 11 |
---------------+----------------------------------+-----
Spellcasting   | 4 8 9 10 12 13 15 16 | 16.3
Conjurations   | 2 6 7 8 10 11 13 | 13.8
Earth Magic    | 4 9 10 11 12 13 14 15 | 15.3
Short Blades   | 2 3 5 |  5.0
Stealth        | 4 5 7 |  7.0
Alchemy        | 2 3 5 7 9 11 12 | 12.1
Invocations    | 2 3 5 7 9 11 | 11.0
Dodging        | |  2.4

Action                     |  1- 3 |  4- 6 |  7- 9 | 10-12 || total
---------------------------+-------+-------+-------+-------++-------
  Melee: Dagger            |     1 |       |       |       ||     1
   Cast: Sandblast         |    16 |     8 |     4 |       ||    28
         Stone Arrow       |       |     9 |    42 |     2 ||    53
         Bombard           |       |       |     8 |    43 ||    51
 Invoke: Channel Magic     |       |     1 |       |     5 ||     6
    Use: Potion            |       |     1 |     4 |       ||     5
         Scroll            |       |       |     1 |     1 ||     2
   Stab: Sleeping          |     1 |       |       |       ||     1
 Armour: Robe              |     1 |    10 |    14 |     7 ||    32
  Dodge: Dodged            |       |     5 |     5 |     7 ||    17
